 Dungeon Crawl Stone Soup version 0.31-a0-232-gb1c03b2570 (webtiles) character file.

Game seed: 10051853173760328273

190437 qw the Marksgargoyle (level 18, -7/129 HPs)
             Began as a Gargoyle Hexslinger on July 7, 2023.
             Was a High Priest of Okawaru.
             Mangled by an emperor scorpion (11 damage)
             ... on level 4 of the Spider Nest.
             The game lasted 00:15:17 (29010 turns).

qw the Marksgargoyle (Gargoyle Hexslinger)         Turns: 29010, Time: 00:15:18

Health: -7/129     AC: 36    Str: 14    XL:     18   Next: 61%
Magic:  25/25      EV: 24    Int: 14    God:    Okawaru [*****.]
Gold:   2368       SH:  5    Dex: 21    Spells: 18/19 levels left

rFire   . . .        b - +8 longbow "Zephyr" {speed, Dex+3 SInv}
rCold   . . .        (shield currently unavailable)
rNeg    + . .        o - +0 troll leather armour
rPois   inf          m - +2 helmet
rElec   +            w - +1 cloak {rPois}
rCorr   .            g - +2 pair of gloves
SInv    +            d - +0 pair of boots
Will    +....        v - amulet of reflection
Stlth   +++          h - +4 ring of protection
HPRegen 1.21/turn    p - +4 ring of slaying {mikee}
MPRegen 0.19/turn

%: reflection
@: about to teleport, heroic, flying
A: sickness immunity, AC +13, big wings, negative energy resistance 1,
electricity resistance, torment resistance 1, petrification resistance
a: Renounce Religion, Heroism, Finesse, Duel


You were on level 4 of the Spider Nest.
You worshipped Okawaru.
Okawaru was extremely pleased with you.
You visited 6 branches of the dungeon, and saw 30 of its levels.

You collected 3444 gold pieces.
You spent 1076 gold pieces at shops.


Innate Abilities, Weirdness & Mutations

You are immune to sickness and miasma.
Your stone body is resilient. (AC +13)
You are immune to poison.
Your large and strong wings let you fly.
You resist negative energy. (rN+)
You are resistant to electric shocks. (rElec)
You are resistant to unholy torment.
You are immune to petrification.


   Skills:
 - Level 20.0(25.0) Fighting
 - Level 20.0(25.0) Ranged Weapons
 + Level 11.4(16.4) Armour
 - Level 12.0(17.0) Dodging
 - Level 1.0 Spellcasting
 - Level 2.6 Hexes
 - Level 10.0 Invocations


You had 18 spell levels left.
You knew the following spells:

 Your Spells              Type           Power      Damage    Failure   Level
a - Slow                  Hex            32%        N/A       10%         1

Your spell library contained the following spells:

 Spells                   Type           Power      Damage    Failure   Level
 Inner Flame              Hex/Fire       4%         N/A       45%         3
 Portal Projectile        Hex/Tloc       8%         N/A       45%         3
 Cause Fear               Hex            4%         N/A       69%         4

Inventory:

Hand Weapons
 b - the +8 longbow "Zephyr" (weapon) {speed, Dex+3 SInv}
   (You acquired it on level 10 of the Dungeon)

   Dex:       It affects your dexterity (+3).
   SInv:      It lets you see invisible.
Armour
 d - a +0 pair of boots (worn)
 g - a +2 pair of gloves (worn)
 m - a +2 helmet (worn)
 n - a +1 robe of resistance
 o - a +0 troll leather armour (worn)
 u - a +1 leather armour of fire resistance
 w - a +1 cloak of poison resistance (worn)
Jewellery
 h - a +4 ring of protection (left hand)
 p - a +4 ring of slaying (right hand) {mikee}
 s - a ring of fire
 v - an amulet of reflection (around neck)
Wands
 r - a wand of digging (13)
Scrolls
 c - 8 scrolls of teleportation
 j - 15 scrolls of identify
 l - 5 scrolls of enchant weapon
 z - a scroll of brand weapon
Potions
 a - 12 potions of heal wounds
 e - 4 potions of might
 f - a potion of haste
 i - 5 potions of enlightenment
 k - 5 potions of mutation
 q - 3 potions of curing
 t - a potion of magic
 x - a potion of lignification {unknown}

Dungeon Overview and Level Annotations

Branches:
Dungeon (15/15)            Temple (1/1) D:5            Lair (5/5) D:8
 Shoals (3/4) Lair:3       Spider (4/4) Lair:2        Slime (0/5) Lair:5
    Orc (2/2) D:9             Elf (0/3) Orc:2        Vaults (0/5) D:13
 Depths (0/4) D:15

Altars:
Ashenzari
Cheibriados
Dithmenos
Elyvilon
Fedhas
Gozag
Hepliaklqana
Kikubaaqudgha
Makhleb
Nemelex Xobeh
Okawaru
Qazlal
Ru
Sif Muna
Trog
Uskayaw
Vehumet
Wu Jian
Xom
Yredelemnul
Zin
The Shining One
Jiyva

Shops:
D:3 :   D:13 **:   Orc:2 *=(   Shoals:1 **   Shoals:3 *

Annotations:
D:4 1 runed translucent door, Crazy Yiuf
D:8 2 transporters, qw's ghost, novice GrFi
D:12 3 runed translucent doors, Roubeug's ghost, journeyman FeBe
D:15 3 runed translucent doors, Ruat's ghost, adept DECj
Lair:3 3 runed translucent doors, qw's ghost, journeyman GrFi
Shoals:3 3 runed translucent doors, Ettath's ghost, journeyman HOFi
Spider:3 1 runed translucent door, qw's ghost, adept MiHs


Message History

You block the emperor scorpion's attack.
The spark wasp stings you but does no damage.
You shoot an arrow. The arrow hits the emperor scorpion!!
The emperor scorpion is almost dead.
You hear an angry buzzing noise. x2
You block the emperor scorpion's attack.
The emperor scorpion claws you but does no damage.
You block the emperor scorpion's attack.
You shoot an arrow. The arrow hits the emperor scorpion.
The emperor scorpion is almost dead.
The emperor scorpion closely misses you.
The emperor scorpion claws you but does no damage.
The emperor scorpion closely misses you.
The spark wasp barely misses you. The emperor scorpion stings you!
The emperor scorpion claws you but does no damage.
The emperor scorpion claws you!
You shoot an arrow.
The arrow barely misses the emperor scorpion.
You hear an angry buzzing noise.
The emperor scorpion stings you!!
The emperor scorpion closely misses you.
The emperor scorpion barely misses you.
The emperor scorpion stings you but does no damage.
You block the emperor scorpion's attack. x2
The spark wasp barely misses you.
You hear an angry buzzing noise.
29010 ||| READING 9 scrolls of teleportation.
As you read the scroll of teleportation, it crumbles to dust.
You feel strangely unstable.
The emperor scorpion stings you but does no damage.
You block the emperor scorpion's attack. x2
The emperor scorpion completely misses you.
The emperor scorpion closely misses you.
The emperor scorpion claws you but does no damage.
The spark wasp completely misses you.
The emperor scorpion stings you but does no damage.
The emperor scorpion claws you.
The emperor scorpion claws you but does no damage.
The emperor scorpion stings you!
You die...

# ##...~# ##...~## #
##.^..## ###~.~#
###.##...##+# ##^.#
'...##...##.. #...#
'......^.##.!.
#...### '.^....~##
..#####.~~#
###.....## #'sy##...#
# ##~...~# #ysys...^#
#
##....##yyy##@....##
# ###.~##.y ####~.#
##^..##. ##.##
###..~### ##..#
##.~.~.##### ###~.~#
##....###...###^....#
#....~##^~~.##~...~##
#.^.~###^~~##....~~~#
#~..## ##~~~...~~#~~#


You could see 3 emperor scorpions, a spark wasp, a moth of wrath and a hornet
(berserk).

Vanquished Creatures
  Nikola (Shoals:2)
  A kraken (Shoals:3)
  Polyphemus (Shoals:3)
  Gastronok (D:10)
  Ilsuiw (Shoals:2)
  Kirke (Lair:4)
  7 ghost moths
  4 emperor scorpions
  An orc warlord (Orc:2)
  A broodmother (Spider:3)
  A dire elephant (D:15)
  3 merfolk impalers
  A spark wasp (Spider:3)
  3 entropy weavers
  2 merfolk javelineers
  A vault guard (D:13)
  3 catoblepae
  5 hydras
  5 jorogumos
  4 centaur warriors
  A merfolk aquamancer (Shoals:3)
  A merfolk avatar (Lair:5)
  2 radroaches
  5 two-headed ogres
  2 alligator snapping turtles (Shoals:3)
  2 satyrs
  8 boulder beetles
  12 death yaks
  2 orc high priests
  6 demonic crawlers
  4 skeletal warriors (D:13)
  8 pharaoh ants
  8 sea snakes
  2 sun moths
  4 skysharks
  9 orb spiders
  11 steelbarb worms
  A deep elf pyromancer (D:12)
  10 harpies
  Pikel (D:5)
  30 wolf spiders
  5 orc knights (Orc:2)
  13 manticores
  An oklob plant (D:6)
  5 orc sorcerers
  10 ugly things
  6 cyclopes
  9 fauns
  8 elephants
  5 moths of wrath
  7 merfolk sirens
  8 torpor snails
  Joseph (D:10)
  2 gargoyles
  6 black mambas
  19 cane toads
  A water nymph (Shoals:1)
  3 kobold demonologists (D:10)
  7 rime drakes
  3 yaktaurs (D:15)
  14 komodo dragons
  A rime drake (shapeshifter) (D:14)
  16 merfolk
  6 polar bears
  6 meliai
  5 trolls
  A wolf spider simulacrum (D:14)
  6 wind drakes
  A hornet (Lair:5)
  8 snapping turtles
  5 blink frogs (Lair:1)
  44 tarantellas
  8 slime creatures
  19 jumping spiders
  Sigmund (D:5)
  35 yaks
  2 wraiths (D:13)
  2 shadows (D:12)
  4 wyverns
  29 culicivoras
  A hog (Lair:4)
  5 humans
  4 vampire mosquitoes (D:14)
  8 water elementals
  7 basilisks
  5 steam dragons
  71 redbacks
  2 death yak simulacra (Orc:2)
  3 wargs
  20 water moccasins
  2 acid dragons (D:11)
  4 ice beasts
  23 orc warriors
  2 sky beasts
  9 black bears
  An ice beast (shapeshifter) (D:14)
  3 ogres (Orc:2)
  11 wolves
  6 centaurs
  A phantom (D:5)
  14 bullfrogs
  4 kobold brigands
  Blork the orc (Orc:2)
  2 cane toad simulacra (Orc:2)
  A scorpion (D:4)
  16 wights
  A hornet simulacrum (D:15)
  A killer bee (D:8)
  An elephant simulacrum (Orc:2)
  18 electric eels
  8 howler monkeys
  5 lava snakes (Lair:3)
  2 hounds
  2 jellies
  11 orc priests
  2 sleepcaps
  Ijyb (D:5)
  3 iguanas
  20 orc wizards
  A spriggan simulacrum (Orc:2)
  9 hell rats
  A troll simulacrum (Orc:2)
  An adder (D:2)
  19 gnolls
  A naga simulacrum (Orc:2)
  A shadow imp (D:6)
  A worm (D:3)
  4 dart slugs
  66 orcs
  3 bats
  4 endoplasms
  3 giant cockroaches
  4 goblins
  8 hobgoblins
  2 jackals (D:2)
  3 quokkas (D:3)
  11 ball pythons
  4 frilled lizards
  43 kobolds
  2 rats (D:1)
  A butterfly (Lair:3)
  A tentacle (Shoals:3)
1002 creatures vanquished.

Vanquished Creatures (others)
  A kobold brigand (D:8)
  An orc wizard (D:8)
  An orc (D:7)
  5 tentacles (Shoals:3)
8 creatures vanquished.

Grand Total: 1010 creatures vanquished

Notes
Turn   | Place    | Note
-------+----------+-------------------------------------------
     0 | D:1      | qw the Gargoyle Hexslinger began the quest for the Orb.
     0 | D:1      | Reached XP level 1. HP: 12/12 MP: 2/2
     0 | D:1      | 0 ||| qw: Version: 0.3-a-46-gb1f654a
     0 | D:1      | 0 ||| qw: Game counter: 2496
     0 | D:1      | 0 ||| qw: Melee chars always use a shield: true
     0 | D:1      | 0 ||| qw: God list: Okawaru
     0 | D:1      | 0 ||| qw: Allow faded altars: false
     0 | D:1      | 0 ||| qw: Do Orc after clearing Dungeon:15 true
     0 | D:1      | 0 ||| qw: Do second Lair branch before Depths: true
     0 | D:1      | 0 ||| qw: Lair rune preference: random
     0 | D:1      | 0 ||| qw: Goals: Normal
     0 | D:1      | 0 ||| PLANNING D:1-11
   239 | D:1      | Reached XP level 2. HP: 15/16 MP: 3/3
   392 | D:1      | HP: 3/16 [kobold/+0 short sword (2)]
   712 | D:1      | Reached skill level 3 in Ranged Weapons
  1109 | D:1      | 1109 ||| UPGRADING to +0 leather armour.
  1119 | D:1      | 1119 ||| DROPPING +0 robe.
  1120 | D:1      | 1120 ||| READING scroll labelled YLEEKHL GUODD.
  1120 | D:1      | Identified a scroll of acquirement
  1120 | D:1      | 1120 ||| ACQUIRING +1 orcbow of flaming
  1120 | D:1      | Acquired a +1 orcbow of flaming
  1122 | D:1      | 1122 ||| SWAPPING to +1 orcbow of flaming.
  1123 | D:1      | 1123 ||| DROPPING +1 sling.
  1124 | D:1      | 1124 ||| READING scroll labelled ZIKIGOG ZERPH.
  1125 | D:1      | 1125 ||| DROPPING scroll of poison.
  1197 | D:2      | Reached XP level 3. HP: 9/21 MP: 4/4
  1684 | D:2      | 1684 ||| UPGRADING to +4 ring of protection.
  1685 | D:2      | 1685 ||| READING scroll labelled YCE SIDEHERRE.
  1686 | D:2      | 1686 ||| READING 2 scrolls labelled ROUSUIS HIOTUU.
  1690 | D:2      | 1690 ||| READING scroll labelled NEQEMN NOTO.
  1691 | D:2      | 1691 ||| READING scroll labelled BOSAOR JUDE.
  1692 | D:2      | 1692 ||| DRINKING 2 sedimented ruby potions.
  1780 | D:3      | Found Jicvukk's Book Shop.
  1936 | D:3      | Reached XP level 4. HP: 26/26 MP: 5/5
  2276 | D:3      | 2276 ||| UPGRADING to +0 ring mail.
  2286 | D:3      | 2286 ||| DROPPING +0 leather armour.
  2287 | D:3      | 2287 ||| READING scroll labelled MUREXZ CECUYCI.
  2486 | D:4      | Reached skill level 1 in Armour
  2549 | D:4      | Noticed a scorpion
  2563 | D:4      | Killed a scorpion
  2564 | D:4      | Reached XP level 5. HP: 11/30 MP: 6/6
  2711 | D:4      | Found a runed translucent door.
  2712 | D:4      | Noticed Crazy Yiuf
  2791 | D:4      | 2791 ||| Stepping ~*~*~tactically~*~*~ (outnumbered).
  2793 | D:4      | 2793 ||| Stepping ~*~*~tactically~*~*~ (outnumbered).
  2794 | D:4      | 2794 ||| Stepping ~*~*~tactically~*~*~ (outnumbered).
  2796 | D:4      | 2796 ||| Stepping ~*~*~tactically~*~*~ (outnumbered).
  2798 | D:4      | 2798 ||| Stepping ~*~*~tactically~*~*~ (outnumbered).
  2799 | D:4      | 2799 ||| Stepping ~*~*~tactically~*~*~ (outnumbered).
  2928 | D:4      | Reached skill level 3 in Fighting
  2968 | D:4      | Noticed a kobold brigand
  2974 | D:4      | HP: 6/32 [kobold brigand/+0 dagger (4)]
  2975 | D:4      | 2975 ||| READING 3 scrolls of teleportation.
  2979 | D:4      | 2979 ||| READING 2 scrolls of teleportation.
  3129 | D:4      | Reached XP level 6. HP: 37/37 MP: 7/7
  3227 | D:4      | 3227 ||| Stepping ~*~*~tactically~*~*~ (outnumbered).
  3398 | D:4      | 3398 ||| Stepping ~*~*~tactically~*~*~ (outnumbered).
  3442 | D:4      | Reached skill level 6 in Ranged Weapons
  3619 | D:4      | 3619 ||| Stepping ~*~*~tactically~*~*~ (outnumbered).
  3621 | D:4      | 3621 ||| Stepping ~*~*~tactically~*~*~ (outnumbered).
  3630 | D:4      | 3630 ||| DRINKING 2 potions of curing.
  3630 | D:4      | 3630 ||| (to cure confusion)
  3635 | D:4      | 3635 ||| FLEEEEING.
  3639 | D:4      | 3639 ||| DRINKING potion of curing.
  3639 | D:4      | 3639 ||| (to cure confusion)
  3655 | D:4      | Reached XP level 7. HP: 34/42 MP: 8/8
  3802 | D:4      | Identified the +3 quarterstaff "Laddakk" {distort, rPois}
  4122 | D:5      | Entered Level 5 of the Dungeon
  4123 | D:5      | 4123 ||| PLANNING OSSUARY
  4143 | D:5      | Noticed Ijyb
  4146 | D:5      | Killed Ijyb
  4452 | D:5      | Found a sparkling altar of Nemelex Xobeh.
  4460 | D:5      | Noticed Pikel
  4468 | D:5      | Reached XP level 8. HP: 47/48 MP: 9/9
  4474 | D:5      | Killed Pikel
  4475 | D:5      | Reached skill level 6 in Fighting
  4735 | D:5      | Found a staircase to the Ecumenical Temple.
  4750 | D:5      | Noticed Sigmund
  4758 | D:5      | Killed Sigmund
  4780 | D:5      | 4780 ||| RIP OSSUARY
  4814 | D:5      | 4814 ||| PLANNING TEMPLE
  4814 | D:5      | 4814 ||| UPGRADING to +4 ring mail of poison resistance.
  4824 | D:5      | 4824 ||| DROPPING +0 ring mail.
  4825 | D:5      | 4825 ||| UPGRADING to ring of willpower.
  4826 | D:5      | 4826 ||| READING 2 scrolls of identify.
  4826 | D:5      | 4826 ||| IDENTIFYING murky silvery potion
  4857 | Temple   | Entered the Ecumenical Temple
  4952 | Temple   | 4952 ||| PLANNING D:1-11
  5193 | D:6      | Reached skill level 9 in Ranged Weapons
  5497 | D:6      | Reached XP level 9. HP: 56/56 MP: 10/10
  5640 | D:6      | Identified the +11 sling "Gume" {antimagic, rCorr Str+7
                  | Int-2}
  5646 | D:6      | Found a bloodstained altar of Trog.
  5858 | D:6      | Found a blossoming altar of Fedhas.
  5878 | D:6      | Noticed an oklob plant
  5879 | D:6      | 5879 ||| READING scroll labelled NUREAN NYRIST.
  5880 | D:6      | 5880 ||| READING scroll labelled QYLUPRYORI.
  5881 | D:6      | 5881 ||| DRINKING 3 smoky pink potions.
  5882 | D:6      | 5882 ||| READING 2 scrolls of identify.
  5882 | D:6      | 5882 ||| IDENTIFYING brown potion
  5883 | D:6      | 5883 ||| DROPPING potion of brilliance.
  5884 | D:6      | 5884 ||| DROPPING 2 potions of attraction.
  5902 | D:6      | Killed an oklob plant
  6071 | D:7      | Found a glowing silver altar of Zin.
  6281 | D:7      | 6281 ||| Stepping ~*~*~tactically~*~*~ (cloud).
  6315 | D:7      | 6315 ||| Stepping ~*~*~tactically~*~*~ (outnumbered).
  6502 | D:7      | 6502 ||| Stepping ~*~*~tactically~*~*~ (cloud).
  6811 | D:7      | Found a white marble altar of Elyvilon.
  6830 | D:7      | Reached XP level 10. HP: 63/63 MP: 11/11
  7015 | D:7      | 7015 ||| UPGRADING to +2 pair of gloves.
  7020 | D:7      | 7020 ||| UPGRADING to +0 helmet.
  7025 | D:7      | 7025 ||| READING scroll labelled FUHYLY VAOMNAGU.
  7111 | D:8      | Reached skill level 3 in Dodging
  7130 | D:8      | 7130 ||| FLEEEEING.
  7131 | D:8      | 7131 ||| FLEEEEING.
  7132 | D:8      | 7132 ||| FLEEEEING.
  7133 | D:8      | 7133 ||| FLEEEEING.
  7134 | D:8      | 7134 ||| FLEEEEING.
  7135 | D:8      | 7135 ||| FLEEEEING.
  7136 | D:8      | 7136 ||| FLEEEEING.
  7137 | D:8      | 7137 ||| FLEEEEING.
  7138 | D:8      | 7138 ||| FLEEEEING.
  7480 | D:8      | Found a staircase to the Lair.
  7494 | D:8      | Reached skill level 12 in Ranged Weapons
  7528 | D:8      | Found a shimmering altar of Xom.
  7536 | D:8      | Noticed a two-headed ogre
  7546 | D:8      | Killed a two-headed ogre
  7616 | D:8      | Noticed a two-headed ogre
  7626 | D:8      | Killed a two-headed ogre
  7709 | D:8      | Found a transporter.
  7710 | D:8      | Noticed qw's ghost (novice GrFi)
  7712 | D:8      | Identified the +2 great mace "Ytzaull" {elec, rCorr}
  7712 | D:8      | Noticed a two-headed ogre
  7948 | D:8      | Found a transporter.
  8261 | D:8      | 8261 ||| UPGRADING to +1 robe of resistance.
  8271 | D:8      | 8271 ||| READING 2 scrolls labelled YLLOACV RAZOG.
  8272 | D:8      | 8272 ||| DROPPING scroll of vulnerability.
  8530 | D:9      | Found an opulent altar of Gozag.
  8582 | D:9      | Found a staircase to the Orcish Mines.
  8661 | D:9      | Reached XP level 11. HP: 69/69 MP: 12/12
  9102 | D:9      | 9102 ||| UPGRADING to +0 pair of boots.
  9107 | D:9      | 9107 ||| READING 3 scrolls of identify.
  9107 | D:9      | 9107 ||| IDENTIFYING clear potion
  9108 | D:9      | 9108 ||| READING 2 scrolls of identify.
  9108 | D:9      | 9108 ||| IDENTIFYING fizzy inky potion
  9115 | D:10     | Entered Level 10 of the Dungeon
  9152 | D:10     | Reached skill level 9 in Fighting
  9159 | D:10     | 9159 ||| Stepping ~*~*~tactically~*~*~ (outnumbered).
  9362 | D:10     | Found an iron altar of Okawaru.
  9363 | D:10     | 9363 ||| PLANNING OKAWARU WORSHIP
  9363 | D:10     | 9363 ||| DROPPING +4 ring mail of poison resistance.
  9364 | D:10     | 9364 ||| UPGRADING to +0 troll leather armour.
  9377 | D:10     | Became a worshipper of Warmaster Okawaru
  9378 | D:10     | 9378 ||| PLANNING D:1-11
  9381 | D:10     | Found a stormy altar of Qazlal.
  9386 | D:10     | Found a radiant altar of Vehumet.
  9432 | D:10     | Noticed a six-headed hydra
  9435 | D:10     | Noticed a deep elf archer
  9454 | D:10     | 9454 ||| READING scroll of acquirement.
  9454 | D:10     | 9454 ||| ACQUIRING +8 longbow "Zephyr" {speed, Dex+3 SInv}
  9454 | D:10     | Acquired the +8 longbow "Zephyr" {speed, Dex+3 SInv}
  9454 | D:10     | Found the +8 longbow "Zephyr" {speed, Dex+3 SInv}
  9456 | D:10     | 9456 ||| SWAPPING to +8 longbow "Zephyr" {speed, Dex+3
                  | SInv}.
  9457 | D:10     | 9457 ||| DROPPING +2 orcbow of flaming.
  9467 | D:10     | Identified the +9 plate armour of Blue Mirth {rElec MP+9
                  | Dex-2 SInv}
  9501 | D:10     | 9501 ||| Stepping ~*~*~tactically~*~*~ (outnumbered).
  9517 | D:10     | 9517 ||| Stepping ~*~*~tactically~*~*~ (water).
  9535 | D:10     | 9535 ||| Stepping ~*~*~tactically~*~*~ (water).
  9744 | D:10     | Noticed Joseph
  9746 | D:10     | 9746 ||| FLEEEEING.
  9755 | D:10     | 9755 ||| FLEEEEING.
  9756 | D:10     | 9756 ||| FLEEEEING.
  9757 | D:10     | 9757 ||| FLEEEEING.
  9765 | D:10     | Killed Joseph
  9837 | D:10     | Noticed Gastronok
  9850 | D:10     | Killed Gastronok
  9850 | D:10     | Reached * piety under Okawaru
 10036 | D:10     | Reached ** piety under Okawaru
 10068 | D:10     | Noticed a two-headed ogre
 10069 | D:10     | 10069 ||| INVOKING Heroism.
 10075 | D:10     | Killed a two-headed ogre
 10248 | D:10     | Noticed a boulder beetle
 10249 | D:10     | Noticed an ogre mage
 10253 | D:10     | Noticed a manticore
 10254 | D:10     | Noticed a deep elf pyromancer
 10467 | D:10     | 10467 ||| PLANNING LAIR
 10467 | D:10     | 10467 ||| READING scroll labelled PATWARCHA PUTEPS.
 10468 | D:10     | 10468 ||| READING scroll labelled UBLYUWNOTHRUSH.
 10469 | D:10     | 10469 ||| READING scroll labelled LOQAICHEUB.
 10470 | D:10     | 10470 ||| READING 3 scrolls of identify.
 10470 | D:10     | 10470 ||| IDENTIFYING fuming grey potion
 10471 | D:10     | 10471 ||| READING 2 scrolls of identify.
 10471 | D:10     | 10471 ||| IDENTIFYING ruby potion
 10569 | Lair:1   | Entered Level 1 of the Lair of Beasts
 10575 | Lair:1   | 10575 ||| INVOKING Heroism.
 10624 | Lair:1   | 10624 ||| INVOKING Heroism.
 10632 | Lair:1   | Reached skill level 3 in Invocations
 10651 | Lair:1   | 10651 ||| INVOKING Heroism.
 10674 | Lair:1   | 10674 ||| INVOKING Heroism.
 10693 | Lair:1   | Reached XP level 12. HP: 77/77 MP: 12/15
 10770 | Lair:1   | Reached *** piety under Okawaru
 10856 | Lair:1   | 10856 ||| INVOKING Heroism.
 10879 | Lair:1   | 10879 ||| INVOKING Heroism.
 10893 | Lair:1   | Reached skill level 15 in Ranged Weapons
 10910 | Lair:1   | 10910 ||| INVOKING Heroism.
 11021 | Lair:1   | Noticed a death yak
 11022 | Lair:1   | 11022 ||| INVOKING Heroism.
 11022 | Lair:1   | Noticed a death yak
 11024 | Lair:1   | Noticed a death yak
 11024 | Lair:1   | Noticed a death yak
 11029 | Lair:1   | Killed a death yak
 11044 | Lair:1   | Killed a death yak
 11047 | Lair:1   | Killed a death yak
 11054 | Lair:1   | Killed a death yak
 11054 | Lair:1   | Reached **** piety under Okawaru
 11381 | Lair:1   | Noticed a boulder beetle
 11387 | Lair:1   | 11387 ||| INVOKING Heroism.
 11392 | Lair:1   | 11392 ||| Stepping ~*~*~tactically~*~*~ (outnumbered).
 11397 | Lair:1   | Killed a boulder beetle
 11397 | Lair:1   | Received a gift from Okawaru
 11788 | Lair:2   | 11788 ||| INVOKING Heroism.
 12085 | Lair:2   | Noticed a six-headed hydra
 12086 | Lair:2   | 12086 ||| INVOKING Heroism.
 12091 | Lair:2   | Killed a six-headed hydra
 12097 | Lair:2   | Reached skill level 6 in Invocations
 12183 | Lair:2   | 12183 ||| INVOKING Heroism.
 12187 | Lair:2   | Received a gift from Okawaru
 12188 | Lair:2   | Reached XP level 13. HP: 73/84 MP: 14/17
 12245 | Lair:2   | 12245 ||| INVOKING Heroism.
 12310 | Lair:2   | Found a hole to the Spider Nest.
 12458 | Lair:2   | 12458 ||| INVOKING Heroism.
 12464 | Lair:2   | Reached skill level 6 in Dodging
 12823 | Lair:2   | 12823 ||| READING 4 scrolls of identify.
 12823 | Lair:2   | 12823 ||| IDENTIFYING metallic cyan potion
 12824 | Lair:2   | 12824 ||| DROPPING potion of invisibility.
 12864 | Lair:3   | 12864 ||| INVOKING Heroism.
 12873 | Lair:3   | 12873 ||| STAIRDANCE
 12879 | Lair:2   | HP: 10/84 [komodo dragon (23)]
 12880 | Lair:2   | 12880 ||| READING 7 scrolls of teleportation.
 12881 | Lair:2   | 12881 ||| DRINKING 6 potions of heal wounds.
 12970 | Lair:2   | 12970 ||| INVOKING Heroism.
 12989 | Lair:3   | 12989 ||| STAIRDANCE
 12991 | Lair:2   | 12991 ||| INVOKING Heroism.
 13056 | Lair:3   | 13056 ||| INVOKING Heroism.
 13158 | Lair:3   | 13158 ||| INVOKING Heroism.
 13337 | Lair:3   | Found a runed translucent gate.
 13337 | Lair:3   | Found a runed translucent gate.
 13337 | Lair:3   | Found a runed translucent gate.
 13342 | Lair:3   | Noticed qw's ghost (journeyman GrFi)
 13465 | Lair:3   | Reached ***** piety under Okawaru
 13776 | Lair:3   | Found a staircase to the Shoals.
 13782 | Lair:3   | 13782 ||| Stepping ~*~*~tactically~*~*~ (water).
 14049 | Lair:3   | 14049 ||| UPGRADING to +4 ring of slaying {mikee}.
 14051 | Lair:3   | 14051 ||| DROPPING ring of willpower.
 14223 | Lair:4   | 14223 ||| INVOKING Heroism.
 14309 | Lair:4   | Reached skill level 9 in Invocations
 14488 | Lair:4   | 14488 ||| FLEEEEING.
 14489 | Lair:4   | 14489 ||| FLEEEEING.
 14490 | Lair:4   | 14490 ||| FLEEEEING.
 14491 | Lair:4   | 14491 ||| FLEEEEING.
 14519 | Lair:4   | Received a gift from Okawaru
 14854 | Lair:4   | Noticed Kirke
 14855 | Lair:4   | 14855 ||| INVOKING Heroism.
 14856 | Lair:4   | 14856 ||| INVOKING Finesse.
 14864 | Lair:4   | Killed Kirke
 14865 | Lair:4   | Gained mutation: Your large and strong wings let you fly.
                  | [Gargoyle growth]
 14865 | Lair:4   | Reached XP level 14. HP: 90/90 MP: 13/21
 15188 | Lair:5   | Entered Level 5 of the Lair of Beasts
 15250 | Lair:5   | 15250 ||| Stepping ~*~*~tactically~*~*~ (outnumbered).
 15251 | Lair:5   | 15251 ||| INVOKING Heroism.
 15259 | Lair:5   | Reached skill level 18 in Ranged Weapons
 15261 | Lair:5   | 15261 ||| INVOKING Finesse.
 15268 | Lair:5   | HP: 11/90 [snapping turtle (16)]
 15269 | Lair:5   | 15269 ||| READING 6 scrolls of teleportation.
 15270 | Lair:5   | 15270 ||| DRINKING 5 potions of heal wounds.
 15367 | Lair:5   | 15367 ||| INVOKING Heroism.
 15372 | Lair:5   | Reached skill level 12 in Fighting
 15451 | Lair:5   | Identified the +1 buckler of Cowardice {Fly rC++} (Okawaru
                  | gifted it to you on level 5 of the Lair of Beasts)
 15451 | Lair:5   | Received a gift from Okawaru
 15473 | Lair:5   | Reached skill level 6 in Armour
 15481 | Lair:5   | 15481 ||| INVOKING Heroism.
 15486 | Lair:5   | 15486 ||| INVOKING Finesse.
 15556 | Lair:5   | 15556 ||| READING scroll labelled VYNAIKONIN.
 15562 | Lair:5   | 15562 ||| INVOKING Heroism.
 15639 | Lair:5   | 15639 ||| Stepping ~*~*~tactically~*~*~ (cloud).
 15764 | Lair:5   | Found a staircase to the Slime Pits.
 15764 | Lair:5   | Found a viscous altar of Jiyva.
 15842 | Lair:5   | 15842 ||| INVOKING Heroism.
 15843 | Lair:5   | 15843 ||| INVOKING Finesse.
 15905 | Lair:5   | Identified the +0 storm dragon scales of Novvyn {+Blink
                  | rElec rC+ rN+ Slay+3}
 15935 | Lair:5   | 15935 ||| DROPPING +6 ring of strength.
 16151 | Lair:5   | 16151 ||| PLANNING D:1-11
 16151 | Lair:5   | 16151 ||| UPGRADING to amulet of regeneration.
 16156 | Lair:5   | 16156 ||| READING 4 scrolls of identify.
 16156 | Lair:5   | 16156 ||| IDENTIFYING fizzy dark potion
 16492 | D:11     | 16492 ||| INVOKING Heroism.
 16700 | D:11     | 16700 ||| PLANNING D
 16700 | D:11     | 16700 ||| DRINKING 2 glowing brown potions.
 16701 | D:11     | 16701 ||| DROPPING potion of degeneration.
 16806 | D:12     | Found a runed translucent gate.
 16806 | D:12     | Found a runed translucent gate.
 16806 | D:12     | Found a runed translucent gate.
 16811 | D:12     | Noticed a rockslime
 16813 | D:12     | Noticed an acid blob
 16813 | D:12     | Noticed an acid blob
 16814 | D:12     | Noticed Roubeug's ghost (journeyman FeBe)
 16814 | D:12     | Noticed an azure jelly
 16814 | D:12     | Noticed an azure jelly
 16814 | D:12     | Noticed an azure jelly
 16885 | D:12     | 16885 ||| FLEEEEING.
 16886 | D:12     | 16886 ||| FLEEEEING.
 16887 | D:12     | 16887 ||| FLEEEEING.
 16888 | D:12     | 16888 ||| FLEEEEING.
 16889 | D:12     | 16889 ||| FLEEEEING.
 16890 | D:12     | 16890 ||| FLEEEEING.
 16891 | D:12     | 16891 ||| FLEEEEING.
 16892 | D:12     | 16892 ||| FLEEEEING.
 16893 | D:12     | 16893 ||| FLEEEEING.
 16894 | D:12     | 16894 ||| FLEEEEING.
 16895 | D:12     | 16895 ||| FLEEEEING.
 16896 | D:12     | 16896 ||| FLEEEEING.
 16897 | D:12     | 16897 ||| FLEEEEING.
 16898 | D:12     | 16898 ||| FLEEEEING.
 16899 | D:12     | 16899 ||| FLEEEEING.
 16900 | D:12     | 16900 ||| FLEEEEING.
 17135 | D:12     | Found an iron altar of Okawaru.
 17203 | D:12     | Noticed an azure jelly
 17204 | D:12     | Noticed an azure jelly
 17206 | D:12     | Noticed a rockslime
 17207 | D:12     | Noticed an acid blob
 17207 | D:12     | Found the +8 autumn katana {manifold assault}
 17208 | D:12     | Found a viscous altar of Jiyva.
 17208 | D:12     | Noticed an acid blob
 17259 | D:13     | Found Ezukk's Book Shop.
 17293 | D:13     | 17293 ||| INVOKING Heroism.
 17373 | D:13     | 17373 ||| INVOKING Heroism.
 17442 | D:13     | Reached XP level 15. HP: 97/97 MP: 22/22
 17474 | D:13     | 17474 ||| Stepping ~*~*~tactically~*~*~ (outnumbered).
 17479 | D:13     | 17479 ||| Stepping ~*~*~tactically~*~*~ (outnumbered).
 17514 | D:13     | Found a gate to the Vaults.
 17590 | D:13     | Found Osus's General Store.
 17601 | D:13     | 17601 ||| BUYING scroll of teleportation (33 gold).
 17601 | D:13     | Bought a scroll of teleportation for 33 gold pieces
 17601 | D:13     | 17601 ||| BUYING scroll of teleportation (33 gold).
 17601 | D:13     | Bought a scroll of teleportation for 33 gold pieces
 17966 | D:13     | Found Retsiofo's General Store.
 17974 | D:13     | 17974 ||| BUYING 2 potions of heal wounds (180 gold).
 17974 | D:13     | Bought 2 potions of heal wounds for 180 gold pieces
 17974 | D:13     | 17974 ||| BUYING scroll of enchant weapon (135 gold).
 17974 | D:13     | Bought a scroll of enchant weapon for 135 gold pieces
 18240 | D:14     | Found a radiant altar of Vehumet.
 18251 | D:14     | Identified the +3 crystal plate armour of Death Resistance
                  | {Regen+ Dex+4} (Okawaru gifted it to you on level 14 of the
                  | Dungeon)
 18251 | D:14     | Received a gift from Okawaru
 18338 | D:14     | 18338 ||| FLEEEEING.
 18339 | D:14     | 18339 ||| FLEEEEING.
 18340 | D:14     | 18340 ||| FLEEEEING.
 18341 | D:14     | 18341 ||| FLEEEEING.
 18377 | D:14     | 18377 ||| FLEEEEING.
 18378 | D:14     | 18378 ||| FLEEEEING.
 18379 | D:14     | 18379 ||| FLEEEEING.
 18395 | D:14     | 18395 ||| INVOKING Heroism.
 18759 | D:14     | 18759 ||| READING 8 scrolls of identify.
 18759 | D:14     | 18759 ||| IDENTIFYING fizzy golden potion
 18760 | D:14     | 18760 ||| DROPPING potion of berserk rage.
 18773 | D:15     | Entered Level 15 of the Dungeon
 18774 | D:15     | 18774 ||| PLANNING GAUNTLET
 18782 | D:15     | 18782 ||| INVOKING Heroism.
 18961 | D:15     | 18961 ||| INVOKING Heroism.
 18980 | D:15     | Found a staircase to the Depths.
 19267 | D:15     | Found a runed translucent gate.
 19268 | D:15     | Found a runed translucent gate.
 19268 | D:15     | Found a runed translucent gate.
 19269 | D:15     | Found an ancient bone altar of Kikubaaqudgha.
 19269 | D:15     | Noticed a lich
 19270 | D:15     | Noticed Ruat's ghost (adept DECj)
 19270 | D:15     | Noticed a lich
 19270 | D:15     | Noticed a lich
 19270 | D:15     | Noticed a lich
 19277 | D:15     | 19277 ||| RIP GAUNTLET
 19370 | D:15     | 19370 ||| PLANNING D
 19774 | D:15     | 19774 ||| PLANNING ORC
 19774 | D:15     | 19774 ||| READING 2 scrolls labelled JUYWEY PITWEN.
 19775 | D:15     | 19775 ||| DROPPING scroll of summoning.
 19901 | Orc:1    | Entered Level 1 of the Orcish Mines
 19916 | Orc:1    | 19916 ||| FLEEEEING.
 19936 | Orc:1    | Found a radiant altar of Vehumet.
 19988 | Orc:1    | 19988 ||| Stepping ~*~*~tactically~*~*~ (outnumbered).
 19992 | Orc:1    | 19992 ||| Stepping ~*~*~tactically~*~*~ (outnumbered).
 20093 | Orc:1    | 20093 ||| Stepping ~*~*~tactically~*~*~ (outnumbered).
 20095 | Orc:1    | 20095 ||| Stepping ~*~*~tactically~*~*~ (outnumbered).
 20097 | Orc:1    | 20097 ||| INVOKING Heroism.
 20098 | Orc:1    | 20098 ||| Stepping ~*~*~tactically~*~*~ (outnumbered).
 20121 | Orc:1    | 20121 ||| Stepping ~*~*~tactically~*~*~ (outnumbered).
 20357 | Orc:2    | Entered Level 2 of the Orcish Mines
 20441 | Orc:2    | 20441 ||| INVOKING Heroism.
 20458 | Orc:2    | 20458 ||| Stepping ~*~*~tactically~*~*~ (outnumbered).
 20460 | Orc:2    | Noticed an orc warlord
 20460 | Orc:2    | 20460 ||| INVOKING Finesse.
 20470 | Orc:2    | Noticed Blork the orc
 20471 | Orc:2    | Killed Blork the orc
 20480 | Orc:2    | Killed an orc warlord
 20516 | Orc:2    | 20516 ||| Stepping ~*~*~tactically~*~*~ (outnumbered).
 20518 | Orc:2    | 20518 ||| Stepping ~*~*~tactically~*~*~ (outnumbered).
 20522 | Orc:2    | 20522 ||| Stepping ~*~*~tactically~*~*~ (outnumbered).
 20524 | Orc:2    | 20524 ||| Stepping ~*~*~tactically~*~*~ (outnumbered).
 20528 | Orc:2    | 20528 ||| Stepping ~*~*~tactically~*~*~ (outnumbered).
 20532 | Orc:2    | 20532 ||| Stepping ~*~*~tactically~*~*~ (outnumbered).
 20543 | Orc:2    | 20543 ||| Stepping ~*~*~tactically~*~*~ (outnumbered).
 20548 | Orc:2    | 20548 ||| Stepping ~*~*~tactically~*~*~ (outnumbered).
 20558 | Orc:2    | 20558 ||| Stepping ~*~*~tactically~*~*~ (outnumbered).
 20576 | Orc:2    | 20576 ||| INVOKING Heroism.
 20604 | Orc:2    | Found Togunny's Jewellery Boutique.
 20606 | Orc:2    | Found Huylaak's Antique Armour Boutique.
 20629 | Orc:2    | 20629 ||| BUYING amulet of reflection (450 gold).
 20629 | Orc:2    | Bought an amulet of reflection for 450 gold pieces
 20645 | Orc:2    | 20645 ||| UPGRADING to amulet of reflection.
 20655 | Orc:2    | 20655 ||| DROPPING amulet of regeneration.
 20731 | Orc:2    | Found a staircase to the Elven Halls.
 20992 | Orc:2    | Found Vihait's General Store.
 21014 | Orc:2    | Found Apar's Antique Weapon Boutique.
 21073 | Orc:2    | Found a frozen archway.
 21141 | Orc:2    | 21141 ||| INVOKING Heroism.
 21258 | Orc:2    | 21258 ||| PLANNING SPIDER:1-3
 21384 | Spider:1 | Entered Level 1 of the Spider Nest
 21394 | Spider:1 | 21394 ||| INVOKING Finesse.
 21404 | Spider:1 | 21404 ||| INVOKING Heroism.
 21424 | Spider:1 | Received a gift from Okawaru
 21429 | Spider:1 | Reached skill level 9 in Dodging
 21429 | Spider:1 | Reached XP level 16. HP: 106/106 MP: 17/23
 21468 | Spider:1 | 21468 ||| INVOKING Finesse.
 21635 | Spider:1 | Reached skill level 15 in Fighting
 21706 | Spider:1 | Received a gift from Okawaru
 21758 | Spider:1 | 21758 ||| FLEEEEING.
 21759 | Spider:1 | 21759 ||| FLEEEEING.
 21995 | Spider:1 | Found the +3 warlock's mirror {omnireflect}
 22010 | Spider:1 | 22010 ||| READING scroll of acquirement.
 22010 | Spider:1 | 22010 ||| ACQUIRING 562 gold pieces
 22010 | Spider:1 | Acquired 562 gold pieces
 22100 | Spider:1 | 22100 ||| DROPPING ring of see invisible.
 22146 | Spider:2 | 22146 ||| Stepping ~*~*~tactically~*~*~ (outnumbered).
 22204 | Spider:2 | 22204 ||| INVOKING Heroism.
 22205 | Spider:2 | 22205 ||| Stepping ~*~*~tactically~*~*~ (outnumbered).
 22271 | Spider:2 | 22271 ||| INVOKING Heroism.
 22318 | Spider:2 | 22318 ||| INVOKING Heroism.
 22379 | Spider:2 | 22379 ||| INVOKING Finesse.
 22603 | Spider:2 | 22603 ||| FLEEEEING.
 22604 | Spider:2 | 22604 ||| FLEEEEING.
 22825 | Spider:2 | 22825 ||| READING scroll of enchant armour.
 22825 | Spider:2 | 22825 ||| ENCHANTING +0 helmet.
 22856 | Spider:2 | Received a gift from Okawaru
 22860 | Spider:2 | Reached skill level 9 in Armour
 22885 | Spider:2 | 22885 ||| INVOKING Heroism.
 22887 | Spider:2 | 22887 ||| Stepping ~*~*~tactically~*~*~ (outnumbered).
 22890 | Spider:2 | 22890 ||| Stepping ~*~*~tactically~*~*~ (outnumbered).
 22892 | Spider:2 | 22892 ||| Stepping ~*~*~tactically~*~*~ (outnumbered).
 23145 | Spider:3 | 23145 ||| FLEEEEING.
 23148 | Spider:3 | 23148 ||| FLEEEEING.
 23149 | Spider:3 | 23149 ||| FLEEEEING.
 23151 | Spider:3 | 23151 ||| FLEEEEING.
 23152 | Spider:3 | 23152 ||| STAIRDANCE
 23225 | Spider:3 | 23225 ||| STAIRDANCE
 23357 | Spider:3 | 23357 ||| INVOKING Finesse.
 23432 | Spider:3 | 23432 ||| Stepping ~*~*~tactically~*~*~ (outnumbered).
 23512 | Spider:3 | 23512 ||| INVOKING Heroism.
 23556 | Spider:3 | 23556 ||| Stepping ~*~*~tactically~*~*~ (outnumbered).
 23565 | Spider:3 | Reached XP level 17. HP: 116/116 MP: 24/24
 23749 | Spider:3 | 23749 ||| INVOKING Heroism.
 23763 | Spider:3 | 23763 ||| INVOKING Finesse.
 23801 | Spider:3 | Identified the +1 mace "Rylei" {flame, rElec}
 23839 | Spider:3 | 23839 ||| INVOKING Heroism.
 23888 | Spider:3 | Found a runed translucent door.
 23889 | Spider:3 | Noticed qw's ghost (adept MiHs)
 23935 | Spider:3 | 23935 ||| INVOKING Heroism.
 24127 | Spider:3 | 24127 ||| INVOKING Heroism.
 24161 | Spider:3 | 24161 ||| INVOKING Heroism.
 24167 | Spider:3 | 24167 ||| Stepping ~*~*~tactically~*~*~ (outnumbered).
 24168 | Spider:3 | 24168 ||| Stepping ~*~*~tactically~*~*~ (outnumbered).
 24197 | Spider:3 | Reached skill level 18 in Fighting
 24457 | Spider:3 | 24457 ||| PLANNING SHOALS:1-3
 24612 | Shoals:1 | Entered Level 1 of the Shoals
 24749 | Shoals:1 | 24749 ||| INVOKING Heroism.
 24948 | Shoals:1 | 24948 ||| INVOKING Heroism.
 25065 | Shoals:1 | Found Coagas's General Store.
 25069 | Shoals:1 | Found Zauwk's Specific Store.
 25073 | Shoals:1 | 25073 ||| BUYING potion of heal wounds (70 gold).
 25073 | Shoals:1 | Bought a potion of heal wounds for 70 gold pieces
 25073 | Shoals:1 | 25073 ||| BUYING potion of heal wounds (70 gold).
 25073 | Shoals:1 | Bought a potion of heal wounds for 70 gold pieces
 25073 | Shoals:1 | 25073 ||| BUYING scroll of enchant weapon (105 gold).
 25073 | Shoals:1 | Bought a scroll of enchant weapon for 105 gold pieces
 25092 | Shoals:1 | 25092 ||| INVOKING Heroism.
 25490 | Shoals:2 | Noticed Nikola
 25491 | Shoals:2 | 25491 ||| FLEEEEING.
 25492 | Shoals:2 | 25492 ||| FLEEEEING.
 25494 | Shoals:2 | 25494 ||| STAIRDANCE
 25510 | Shoals:2 | 25510 ||| INVOKING Heroism.
 25511 | Shoals:2 | 25511 ||| INVOKING Finesse.
 25522 | Shoals:2 | Killed Nikola
 25523 | Shoals:2 | Received a gift from Okawaru
 25546 | Shoals:2 | Noticed Ilsuiw
 25569 | Shoals:2 | 25569 ||| Stepping ~*~*~tactically~*~*~ (outnumbered).
 25575 | Shoals:2 | Killed Ilsuiw
 25576 | Shoals:2 | 25576 ||| Stepping ~*~*~tactically~*~*~ (outnumbered).
 25703 | Shoals:2 | 25703 ||| FLEEEEING.
 25704 | Shoals:2 | 25704 ||| FLEEEEING.
 25709 | Shoals:2 | 25709 ||| FLEEEEING.
 25710 | Shoals:2 | 25710 ||| FLEEEEING.
 25714 | Shoals:2 | 25714 ||| FLEEEEING.
 25725 | Shoals:2 | 25725 ||| UPGRADING to +1 cloak of poison resistance.
 25738 | Shoals:2 | 25738 ||| INVOKING Heroism.
 26159 | Shoals:2 | 26159 ||| READING scroll of enchant armour.
 26159 | Shoals:2 | 26159 ||| ENCHANTING +1 helmet.
 26169 | Shoals:3 | Found a runed translucent gate.
 26169 | Shoals:3 | Found a runed translucent gate.
 26169 | Shoals:3 | Found a runed translucent gate.
 26169 | Shoals:3 | Found an opulent altar of Gozag.
 26279 | Shoals:3 | 26279 ||| INVOKING Heroism.
 26280 | Shoals:3 | 26280 ||| INVOKING Finesse.
 26446 | Shoals:3 | 26446 ||| Stepping ~*~*~tactically~*~*~ (outnumbered).
 26447 | Shoals:3 | 26447 ||| INVOKING Heroism.
 26601 | Shoals:3 | Noticed Polyphemus
 26602 | Shoals:3 | 26602 ||| INVOKING Heroism.
 26603 | Shoals:3 | 26603 ||| INVOKING Finesse.
 26612 | Shoals:3 | 26612 ||| Stepping ~*~*~tactically~*~*~ (outnumbered).
 26620 | Shoals:3 | Reached XP level 18. HP: 116/127 MP: 18/25
 26631 | Shoals:3 | Killed Polyphemus
 26720 | Shoals:3 | 26720 ||| INVOKING Heroism.
 26967 | Shoals:3 | 26967 ||| INVOKING Heroism.
 27128 | Shoals:3 | Noticed Ettath's ghost (journeyman HOFi)
 27130 | Shoals:3 | Found Qewoburph's Assorted Antiques.
 27131 | Shoals:3 | 27131 ||| PLANNING SPIDER:4
 27131 | Shoals:3 | 27131 ||| DROPPING +1 cloak.
 27132 | Shoals:3 | 27132 ||| DRINKING 2 white potions.
 27133 | Shoals:3 | 27133 ||| DRINKING 6 potions of curing.
 27133 | Shoals:3 | 27133 ||| (to cure confusion)
 27134 | Shoals:3 | 27134 ||| DROPPING potion of ambrosia.
 27377 | Spider:4 | Entered Level 4 of the Spider Nest
 27381 | Spider:4 | 27381 ||| STAIRDANCE
 27516 | Spider:4 | 27516 ||| STAIRDANCE
 27518 | Spider:3 | 27518 ||| DRINKING 5 potions of curing.
 27518 | Spider:3 | 27518 ||| (to cure confusion)
 27523 | Spider:3 | 27523 ||| DRINKING 4 potions of curing.
 27523 | Spider:3 | 27523 ||| (to cure confusion)
 27664 | Spider:4 | 27664 ||| STAIRDANCE
 27835 | Spider:4 | 27835 ||| INVOKING Finesse.
 27945 | Spider:4 | 27945 ||| INVOKING Heroism.
 27987 | Spider:4 | 27987 ||| FLEEEEING.
 27988 | Spider:4 | 27988 ||| FLEEEEING.
 27989 | Spider:4 | 27989 ||| FLEEEEING.
 27990 | Spider:4 | 27990 ||| FLEEEEING.
 27991 | Spider:4 | 27991 ||| FLEEEEING.
 27995 | Spider:4 | 27995 ||| FLEEEEING.
 27996 | Spider:4 | 27996 ||| FLEEEEING.
 27997 | Spider:4 | 27997 ||| FLEEEEING.
 27998 | Spider:4 | 27998 ||| FLEEEEING.
 28058 | Spider:4 | Reached skill level 12 in Dodging
 28134 | Spider:4 | 28134 ||| INVOKING Finesse.
 28149 | Spider:4 | 28149 ||| INVOKING Heroism.
 28228 | Spider:4 | 28228 ||| INVOKING Finesse.
 28427 | Spider:4 | 28427 ||| INVOKING Finesse.
 28488 | Spider:4 | 28488 ||| INVOKING Heroism.
 28636 | Spider:4 | 28636 ||| INVOKING Finesse.
 28693 | Spider:4 | Received a gift from Okawaru
 28988 | Spider:4 | 28988 ||| Stepping ~*~*~tactically~*~*~ (outnumbered).
 28989 | Spider:4 | 28989 ||| INVOKING Heroism.
 29009 | Spider:4 | HP: 4/129 [emperor scorpion (32)]
 29010 | Spider:4 | 29010 ||| READING 9 scrolls of teleportation.
 29010 | Spider:4 | Mangled by an emperor scorpion

Levels and vault maps discovered:
D:1:      heliophobic_arrival_ceremonial_halls, layout_basic, serial_forest,
          infiniplex_forest_3_way, infiniplex_forest_lined_3,
          infiniplex_forest_clump_small, infiniplex_forest_corner_2,
          infiniplex_forest_straight_3, infiniplex_forest_clump_small,
          infiniplex_forest_lined_corner, infiniplex_forest_clump_cross,
          nicolae_kite_square_tiling_tiny
D:2:      layout_basic
D:3:      layout_basic, serial_shops, shop, chequers_serial_rivers_micro_d
D:4:      minmay_goblin_kobold_castle, layout_basic, uniq_crazy_yiuf_cottage
D:5:      layout_loops_ring, nicolae_overflow_crystal_walls,
          minmay_temple_entry_offerings, nicolae_ossuary_entry_plus,
          chequers_serial_rivers_room_a, uniq_pikel, uniq_sigmund, uniq_ijyb
D:6:      layout_basic, old_standard_altar, tgw_fedhas, minivault_10
D:7:      layout_basic, mainiacjoe_overflow_catwalk,
          mainiacjoe_overflow_boulevard
D:8:      layout_basic, xom_confusion_cloud, hellmonk_lair_entry_icy,
          gammafunk_ghost_smash
D:9:      layout_basic, grunt_gozag_breadcrumbs, orc_0_dummy
D:10:     wad_lake_hut, layout_long_grid, grunt_temple_overflow_diamond,
          minmay_crystal_room, onia_ninara_dug_in_and_dangerous, uniq_joseph,
          uniq_gastronok
D:11:     layout_rooms, minivault_22, hex_large
D:12:     layout_cave_pools, gammafunk_ghost_ooze, okawaru_humans
D:13:     layout_basic, david_vaults_5, serial_shops, shop, shop, shop,
          grunt_decor_clamped
D:14:     layout_rooms, fiery_altar_vehumet
D:15:     hangedman_depths_entry_try_elsewhere_first, layout_basic,
          gauntlet_entry_generic, gammafunk_ghost_crypt
Temple:   hc_temple_tempest_star
Lair:1:   layout_regular_city, serial_forest, infiniplex_forest_straight_5,
          infiniplex_forest_diagonal, infiniplex_forest_lined_3,
          infiniplex_forest_end_double, infiniplex_forest_zigzag_1,
          infiniplex_forest_zigzag_1, hangedman_lair_unloving_vines,
          nicolae_quartered_pool_super, beast_lair_carwin_5,
          lemuel_fruit_fields, serial_bayou_shore_b
Lair:2:   beast_lair_carwin_large_3, layout_cave_pods,
          spider_nest_entry_web_field, grunt_megastairs_1
Lair:3:   layout_big_grid, elwin_shoals_entry_rooms, gammafunk_ghost_necromancy,
          nicolae_lair_liquid_snakes, lemuel_fruit_fields, grunt_megastairs_3,
          infiniplex_staircase_pool_2
Lair:4:   layout_layer_cave, uniq_kirke
Lair:5:   gammafunk_lair_ancient_temple, layout_small_grid, slime_entry_1,
          serial_bayou_shore_a
Shoals:1: layout_shoals, nicolae_specific_store
Shoals:2: layout_shoals, uniq_nikola, uniq_ilsuiw
Shoals:3: layout_shoals, ebering_ghost_gozag,
          nicolae_shoals_the_drawing_of_the_three, uniq_polyphemus
Spider:1: layout_spider_delve, nicolae_spider_spiderdrome
Spider:2: layout_spider_delve
Spider:3: nicolae_spider_hilbert_zone_2 [nicolae_spider_hilbert_4_sides_1_open,
          nicolae_spider_hilbert_4_sides_1_open,
          nicolae_spider_hilbert_4_sides_1_open,
          nicolae_spider_hilbert_4_sides_1_open,
          nicolae_spider_hilbert_6_sides_1_open,
          nicolae_spider_hilbert_6_sides_1_open,
          nicolae_spider_hilbert_3_sides_1_open,
          nicolae_spider_hilbert_3_sides_1_open,
          nicolae_spider_hilbert_3_sides_1_open,
          nicolae_spider_hilbert_3_sides_1_open,
          nicolae_spider_hilbert_6_sides_1_open,
          nicolae_spider_hilbert_6_sides_1_open,
          nicolae_spider_hilbert_6_sides_1_open,
          nicolae_spider_hilbert_6_sides_1_open], ebering_ghost_inner_flame
Spider:4: spider_rune_water
Orc:1:    layout_diamond_mine, lemuel_statue_altar
Orc:2:    grunt_orc_cross, layout_caves, portal_ice_cave_entry_ice_simulacra,
          lightli_orcish_oven

Skill      XL: |  1  2  3  4  5  6  7  8  9 10 11 12 13 14 15 16 17 18 |
---------------+-------------------------------------------------------+-----
Ranged Weapons | 3 4 5 6 8 9 11 13 14 16 17 19 20 | 20.0
Fighting       | 2 3 4 6 7 8 10 11 12 14 16 18 20 | 20.0
Armour         | 1 4 5 6 7 9 11 | 11.4
Dodging        | 2 4 5 6 7 9 10 11 12 | 12.0
Invocations    | 4 6 9 10 | 10.0
Spellcasting   | |  1.0
Hexes          | |  2.6

Action                     |  1- 3 |  4- 6 |  7- 9 | 10-12 | 13-15 | 16-18 || total
---------------------------+-------+-------+-------+-------+-------+-------++-------
   Fire: Sling             |    61 |       |       |       |       |       ||    61
         Orcbow            |    63 |   252 |   215 |   235 |       |       ||   765
         Longbow           |       |       |       |   307 |  1186 |  1455 ||  2948
 Invoke: Heroism           |       |       |       |    13 |    25 |    24 ||    62
         Finesse           |       |       |       |       |     6 |    12 ||    18
    Use: Scroll            |     6 |     3 |     4 |    10 |     7 |     4 ||    34
         Potion            |     1 |     2 |     1 |       |     3 |     4 ||    11
 Armour: Robe              |    11 |       |       |    13 |       |       ||    24
         Leather armour    |    12 |       |       |       |       |       ||    12
         Ring mail         |       |   136 |    83 |    60 |       |       ||   279
         Troll leather arm |       |       |       |    13 |   100 |   178 ||   291
  Dodge: Dodged            |    64 |   114 |    90 |   121 |   133 |   367 ||   889
  Block: Other             |       |       |       |       |       |   101 ||   101
         Reflection        |       |       |       |       |       |     5 ||     5

Table legend:
 A = Non-vault XP
 B = Vault XP
 C = Vault XP percentage of total XP
 D = Non-vault monster count
 E = Vault monster count
 F = Vault count percentage of total count
                 A         B        C        D         E       F
            +---------+---------+-------+---------+---------+-------
      Total |  210878 |   77715 |  26.9 |     751 |     246 |  24.7
            +---------+---------+-------+---------+---------+-------
        D:1 |      30 |       0 |   0.0 |      18 |       0 |   0.0
        D:2 |      33 |       0 |   0.0 |      11 |       0 |   0.0
        D:3 |      45 |       0 |   0.0 |      20 |       0 |   0.0
        D:4 |     208 |     330 |  61.3 |      21 |      49 |  70.0
        D:5 |     673 |     869 |  56.4 |      10 |       3 |  23.1
        D:6 |     312 |     550 |  63.8 |       5 |       1 |  16.7
        D:7 |    1657 |       0 |   0.0 |      26 |       0 |   0.0
        D:8 |    1043 |    2855 |  73.2 |      18 |      14 |  43.8
        D:9 |     792 |       0 |   0.0 |      10 |       0 |   0.0
       D:10 |    3920 |    1885 |  32.5 |      27 |       2 |   6.9
       D:11 |    3631 |       0 |   0.0 |       9 |       0 |   0.0
       D:12 |    4214 |     385 |   8.4 |      12 |       2 |  14.3
       D:13 |    8643 |    5730 |  39.9 |      18 |      10 |  35.7
       D:14 |    7263 |       0 |   0.0 |      18 |       0 |   0.0
       D:15 |    5163 |    2089 |  28.8 |      16 |       3 |  15.8
     Lair:1 |    9377 |    2480 |  20.9 |      31 |       7 |  18.4
     Lair:2 |    4041 |    7396 |  64.7 |      12 |      23 |  65.7
     Lair:3 |    7429 |    2321 |  23.8 |      26 |      12 |  31.6
     Lair:4 |    4625 |    1615 |  25.9 |      25 |       2 |   7.4
     Lair:5 |    9354 |    9919 |  51.5 |      31 |      23 |  42.6
   Shoals:1 |   11787 |       0 |   0.0 |      25 |       0 |   0.0
   Shoals:2 |    7410 |    5398 |  42.1 |      14 |       6 |  30.0
   Shoals:3 |   20918 |    5830 |  21.8 |      40 |       7 |  14.9
   Spider:1 |   21007 |       0 |   0.0 |      66 |       0 |   0.0
   Spider:2 |   26582 |    1134 |   4.1 |      69 |       1 |   1.4
   Spider:3 |   21244 |    7177 |  25.3 |      51 |       8 |  13.6
   Spider:4 |   22031 |   12212 |  35.7 |      52 |      27 |  34.2
      Orc:1 |    3774 |       0 |   0.0 |      27 |       0 |   0.0
      Orc:2 |    3672 |    7540 |  67.2 |      43 |      46 |  51.7
            +---------+---------+-------+---------+---------+-------
